 Dungeon Crawl Stone Soup version 0.30-a0-967-g9b59a09336 (webtiles) character file.

Game seed: 7186359367838822009

27 Grim the Cudgeller (level 3, -2/36 HPs)
             Began as an Ogre Gladiator on Mar 31, 2023.
             Slain by a kobold
             ... wielding a +2 short sword of venom
              (4 damage)
             ... on level 2 of the Dungeon.
             The game lasted 00:01:08 (566 turns).

Grim the Cudgeller (Ogre Gladiator)                  Turns: 566, Time: 00:01:08

Health: -2/36      AC:  3    Str: 19    XL:     3   Next: 10%
Magic:  3/3        EV: 10    Int:  8    God:
Gold:   59         SH:  0    Dex: 14    Spells: 2/2 levels left

rFire   . . .      SeeInvis .    a - +0 flail
rCold   . . .      Faith    .    (no shield)
rNeg    . . .      Spirit   .    b - +0 robe
rPois   .          Reflect  .    c - +0 hat
rElec   .          Rampage  .    (no cloak)
rCorr   .                        (gloves unavailable)
Will    .....                    (boots unavailable)
Stlth   +                        (no amulet)
HPRegen 0.26/turn                (no ring)
MPRegen 0.08/turn                (no ring)

@: lethally poisoned (-2 -> -24)
A: large, unfitting armour, tough skin 1, agile 1
a: no special abilities


You were on level 2 of the Dungeon.
You visited 1 branch of the dungeon, and saw 2 of its levels.

You collected 59 gold pieces.

Inventory:

Hand Weapons
 a - a +0 flail (weapon)
Missiles
 d - 3 throwing nets (quivered)
 e - a large rock
 k - 2 poisoned darts
Armour
 b - a +0 robe (worn)
 c - a +0 hat (worn)
Scrolls
 g - a scroll of enchant weapon {unknown}
 j - a scroll of identify {unknown}
 l - a scroll of poison {unknown}
Potions
 h - a potion of ambrosia {unknown}
 i - a potion of curing {unknown}


   Skills:
 - Level 2.6 Fighting
 + Level 3.8 Maces & Flails
 - Level 2.0 Throwing
 - Level 2.6 Dodging


You had 2 spell levels left.
You didn't know any spells.
Your spell library contained the following spells:

 Spells                   Type           Power      Damage    Failure   Level
 Necrotise                Necr           0%         1d4       41%         1
 Vampiric Draining        Necr           0%         2d6       78%         3
 Agony                    Necr           0%         N/A       100%        5


Dungeon Overview and Level Annotations

Branches:
Dungeon (2/15)

Altars:
Fedhas


Innate Abilities, Weirdness & Mutations

You are too large for most types of armour.
You have tough skin. (AC +1)
You are agile. (Dex +4, Str/Int -1)


Message History

A kobold comes into view.
It is wielding a +2 short sword of venom.
A kobold is nearby!
The kobold shouts!
You closely miss the kobold. The kobold completely misses you.
You hit the kobold.
The kobold is severely wounded.
The kobold hits you with a +2 short sword of venom.
You are poisoned.
The kobold barely misses you.
You closely miss the kobold.
The kobold is severely wounded.
You feel sick.
The kobold hits you with a +2 short sword of venom.
You are more poisoned.
You completely miss the kobold.
The kobold is severely wounded.
You feel very sick. The kobold closely misses you.
You closely miss the kobold.
The kobold is severely wounded.
You feel very sick.
The kobold hits you with a +2 short sword of venom.
* * * LOW HITPOINT WARNING * * *
You are more poisoned.
You closely miss the kobold.
The kobold is severely wounded.
* * * LOW HITPOINT WARNING * * *
You feel very sick.
The kobold hits you with a +2 short sword of venom.
* * * LOW HITPOINT WARNING * * *
You are more poisoned.
The kobold hits you with a +2 short sword of venom.
* * * LOW HITPOINT WARNING * * *
You are more poisoned.
It was a potion of mutation.
You feel extremely strange.
You feel agile.
* * * LOW HITPOINT WARNING * * *
You feel very sick.
The kobold hits you with a +2 short sword of venom.
You die...

#. #.# #.# #### .
#.##...#..
#.#.......
#......... #
#..K......
#.######.@.......
#....#...#.......
###.....##......
#....#.## ###.##
#.##...####...# .
###......#
#......# #..._..#
#......#


You could see a kobold.

Vanquished Creatures
  A dart slug (D:1)
  4 ball pythons (D:1)
  2 endoplasms (D:1)
  A giant cockroach (D:1)
  3 goblins (D:1)
  2 hobgoblins (D:1)
  2 quokkas (D:1)
  4 bats
  3 rats (D:1)
22 creatures vanquished.

Notes
Turn   | Place    | Note
-------+----------+-------------------------------------------
     0 | D:1      | Grim the Ogre Gladiator began the quest for the Orb.
     0 | D:1      | Reached XP level 1. HP: 22/22 MP: 1/1
    18 | D:1      | Reached skill level 3 in Maces & Flails
    70 | D:1      | Reached XP level 2. HP: 27/29 MP: 2/2
   259 | D:1      | Found a faded altar of an unknown god.
   337 | D:1      | Reached XP level 3. HP: 36/36 MP: 3/3
   541 | D:2      | Found a blossoming altar of Fedhas.
   566 | D:2      | Gained mutation: You are agile. (Dex +4, Str/Int -1)
                  | [potion of mutation]
   566 | D:2      | Slain by a kobold

Illustrated notes

Levels and vault maps discovered:
D:1:      amcnicky_arrival_underground_garden, layout_rooms,
          ebering_ecumenical_altar_sacrificial,
          nicolae_concentric_dashed_squares_wild
D:2:      layout_rooms, basic_altar

Skill      XL: |  1 |
---------------+----+-----
Maces & Flails | 3 |  3.8
Fighting       | |  2.6
Throwing       | |  2.0
Dodging        | |  2.6

Action                     || total
---------------------------++-------
  Melee: Flail             ||    75
    Use: Potion            ||     1
   Stab: Sleeping          ||     1
 Armour: Robe              ||    36
  Dodge: Dodged            ||    49

Table legend: (Time is in decaauts)
 A = Elapsed time spent in this place.
 B = Non-inter-level travel time spent in this place.
 C = Inter-level travel time spent in this place.
 D = Time resting spent in this place.
 E = Time spent auto-exploring this place.
 F = Levels seen in this place.
 G = Mean time per level.
                   A        B        C        D        E       F      G
               +--------+--------+--------+--------+--------+-----+--------+
         Total |    583 |    571 |     12 |     43 |    350 |   2 |  291.5 |
       Dungeon |    583 |    571 |     12 |     43 |    350 |   2 |  291.5 |
               +--------+--------+--------+--------+--------+-----+--------+

Top non-repeatable levels by time:
     D:1: 526 daAuts
     D:2: 56 daAuts
